 Dungeon Crawl Stone Soup version 0.18.1-5-g4a78601 (console) character file.

289612 MenacingMecha the Black Belt (level 21, -5/126 HPs)
             Began as a Vine Stalker Monk on May 12, 2016.
             Was the Champion of Ru.
             Killed from afar by a fire dragon (19 damage)
             ... with a blast of flame
             ... on level 1 of the Depths on May 14, 2016.
             The game lasted 06:33:41 (47847 turns).

MenacingMecha the Black Belt (Vine Stalker Monk)   Turns: 47847, Time: 06:33:41

Health: -5/126     AC: 18    Str: 18    XL:     21   Next: 11%
Magic:  0/27       EV: 20    Int: 13    God:    Ru [******]
Gold:   2790       SH: 12    Dex: 23    Spells: 5 memorised, 21 levels left

rFire  . . .     SeeInvis +       - Unarmed
rCold  . . .     Gourm    .     I - +0 scale mail of Utsol {*Drain +Inv Int+5 Slay+5}
rNeg   . . .     Faith    .     D - +2 buckler {AC+3}
rPois  +         Spirit   +     O - +0 mask of the Dragon {MR+ Slay+3 SInv}
rElec  +         Dismiss  .     b - +2 cloak {+Inv}
rCorr  +         Reflect  +     u - +1 pair of gloves
SustAt .         Harm     .     j - +2 pair of boots {Fly}
MR     +++++                    k - +4 amulet of reflection
Stlth  +++.......               d - ring of Terra Nullius {rCorr rElec MR+}
                                h - ring "Ackem" {rPois MR+ EV+3 Dex+2}

@: exhausted, no potions, no scrolls, repel missiles, drained, almost entirely
resistant to hostile enchantments, fairly stealthy
A: fangs 3, clumsy 1, dopey 1, low mp 1, regeneration 3, robust 1, shaggy fur 1,
magic shield, antimagic bite, no device heal 3, rot immunity, inability to drink
while threatened, inability to read while threatened, inability to train armour,
reduced EV 1, disrupted magic 1
a: Draw Out Power, Power Leap, Apocalypse, Renounce Religion, Evoke
Invisibility, Evoke Flight
}: 1/15 runes: decaying


You were on level 1 of the Depths.
You worshipped Ru.
Ru was exalted by your worship.
You were hungry.

You visited 9 branches of the dungeon, and saw 40 of its levels.
You also visited: Labyrinth, Sewer and Ice Cave.

You collected 3990 gold pieces.
You spent 1200 gold pieces at shops.

Inventory:

Missiles
 c - 1437 bolts
 v - a throwing net (quivered)
Armour
 b - a +2 cloak of invisibility (worn)
 j - a +2 pair of boots of flying (worn)
 u - a +1 pair of gloves (worn)
 D - a +2 buckler of protection (worn)
 I - the +0 scale mail of Utsol (worn) {*Drain +Inv Int+5 Slay+5}
   (You found it in a labyrinth)

   It affects your intelligence (+5).
   It affects your accuracy and damage with ranged weapons and melee attacks
   (+5).
   It lets you turn invisible.
   It causes draining when unequipped.
 J - a +2 large shield
 O - the +0 mask of the Dragon (worn) {MR+ Slay+3 SInv}
   (You bought it in a shop on level 14 of the Dungeon)

   It affects your accuracy and damage with ranged weapons and melee attacks
   (+3).
   It affects your resistance to hostile enchantments.
   It lets you see invisible.
Rods
 a - a +0 rod of ignition (13/13)
   (You found it on level 3 of the Lair of Beasts)
Jewellery
 d - the ring of Terra Nullius (right hand) {rCorr rElec MR+}
   (You bought it in a shop on level 14 of the Dungeon)

   [ring of resist corrosion]

   It insulates you from electricity.
   It affects your resistance to hostile enchantments.
 h - the ring "Ackem" (left hand) {rPois MR+ EV+3 Dex+2}
   (You took it off a minotaur in a labyrinth)

   [ring of evasion]

   It affects your evasion (+3).
   It affects your dexterity (+2).
   It protects you from poison.
   It affects your resistance to hostile enchantments.
 k - a +4 amulet of reflection (around neck)
 S - an uncursed ring of fire
 V - an uncursed ring of protection from fire
 Y - an uncursed ring of protection from cold
Wands
 l - a wand of acid (4/15)
 w - a wand of digging (11/24)
 x - a wand of iceblast (1/15)
 y - a wand of digging (1/24)
 z - a wand of lightning (0/15)
 H - a wand of disintegration (9/24)
Scrolls
 e - 13 scrolls of remove curse
 g - 10 scrolls of identify
 m - a scroll of torment {unknown}
 o - 16 scrolls of teleportation
 s - 6 scrolls of recharging
 B - 6 scrolls of blinking
 C - 3 scrolls of magic mapping
 F - 4 scrolls of fog
 M - 3 scrolls of fear
 N - a scroll of silence
Potions
 i - 14 potions of curing
 n - 3 potions of lignification
 q - 2 potions of invisibility
 r - 2 potions of berserk rage
 t - 2 potions of ambrosia
 A - 4 potions of might
 E - 2 potions of resistance
 G - a potion of cancellation
 L - a potion of haste
 P - a potion of agility
 R - 2 potions of magic
Books
 Q - a book of Maledictions

   Spells                             Type                      Level
   a - Corona                         Hexes                        1
   b - Ensorcelled Hibernation        Hexes/Ice                    2
   c - Confuse                        Hexes                        3
   d - Tukima's Dance                 Hexes                        3
   e - Dazzling Spray                 Conjuration/Hexes            3
Miscellaneous
 p - an ornate deck of war {the Elixir}
 U - a phial of floods
Comestibles
 f - 15 meat rations
 K - 29 chunks of flesh


   Skills:
 - Level 14.0(13.5) Fighting
 - Level 13.0(12.5) Dodging
 - Level 10.0(9.6) Stealth
 - Level 4.3(4.0) Shields
 + Level 20.4(19.9) Unarmed Combat
 - Level 5.1(4.7) Spellcasting
 - Level 11.6(11.2) Charms
 - Level 5.6(5.2) Necromancy
 - Level 9.0(8.6) Translocations
 - Level 7.0(6.7) Air Magic
 - Level 11.0(10.5) Evocations


You had 21 spell levels left.
You knew the following spells:

 Your Spells              Type           Power        Failure   Level  Hunger
r - Regeneration          Chrm/Necr      ###.......   14%         3    ###....
s - Swiftness             Chrm/Air       ####....     4%          2    ##.....
A - Apportation           Tloc           ####......   3%          1    None
B - Summon Butterflies    Summ           #.......     80%         1    None
R - Repel Missiles        Chrm/Air       ####..       4%          2    ##.....


Dungeon Overview and Level Annotations

Branches:
Dungeon (15/15)            Temple (1/1) D:6            Lair (8/8) D:9
  Swamp (4/4) Lair:6        Snake (2/4) Lair:6        Slime (0/6) Lair:6
    Orc (2/2) D:10            Elf (2/3) Orc:2        Vaults (4/5) D:13
  Crypt (0/3) Vaults:3     Depths (2/5) D:15

Altars:
Ashenzari
Cheibriados
Dithmenos
Elyvilon
Fedhas
Gozag
Kikubaaqudgha
Makhleb
Nemelex Xobeh
Okawaru
Pakellas
Qazlal
Ru
Sif Muna
Trog
Vehumet
Xom
Yredelemnul
Zin
The Shining One
Beogh
Jiyva

Shops:
D:9 :   D:10 (   D:14 =*[[   Orc:2 ([[:   Elf:1 =   Vaults:1 =   Depths:1 :

Portals:
Hell: Depths:1
Abyss: Depths:1
Ziggurat: Depths:2

Annotations:
Lair:2 stash, exclusion: 4 oklob plants
Lair:8 elec eels
Snake:2 Asterion
Elf:2 3 runed doors


Innate Abilities, Weirdness & Mutations

You have razor-sharp teeth.
You are clumsy. (Dex -2)
You are dopey. (Int -2)
You regenerate.
When hurt, damage is shared between your health and your magic reserves.
Your bite disrupts and absorbs the magic of your enemies.
Potions and wands cannot restore your health.
You are immune to rotting.
You cannot drink potions while threatened.
You cannot read scrolls while threatened.
You cannot train Armour skill.
You have somewhat slow reflexes. (EV -3)
Your casting is slightly disrupted.
Your magical capacity is low (-10% MP).
You are robust (+10% HP).
You are covered in fur (AC +1).


Message History

The ettin closely misses you. The ettin hits you with a great mace!!!
* * * LOW HITPOINT WARNING * * *
You climb upwards.
There is a stone staircase leading down here.
You are restored by drawing out deep reserves of power within.
You feel drained.
The fire dragon bites you but does no damage.
You block the fire dragon's attack. The fire dragon barely misses you.
Put on which piece of jewellery? (? for menu, Esc to quit)
Okay, then.
Unknown command.
The fire dragon bites you!
* * * LOW HITPOINT WARNING * * *
The fire dragon claws you but does no damage.
You block the fire dragon's attack. You block the ettin's attack.
The ettin hits you with a great mace!!
* * * LOW HITPOINT WARNING * * *
The fire dragon breathes flames at you. The blast of flame hits you!
You die...

# #......# #.# #........ #
#####'######.# ###.##### #
#.........##.# #.# ##.
#.........##.#### #.###..
#.........##....#####.....#
#.........#####..........#.
#.........#####.####..#.#..
#.........'.....# #....#..
#........@####### #....#..
####### #.......C.#
#..#.#..
......###.......>D#
#..#..#.
#####...'.........#
#.###..# # #####.........#
#.....). #.........#
#######. ########### ## #


You could see a fire dragon and an ettin.

Vanquished Creatures
  Boris (Vaults:2)
  A sphinx (Vaults:3)
  A storm dragon (Vaults:3)
  A thorn hunter (Swamp:3)
  A tengu reaver (Vaults:4)
  Maud (D:11)
  Kirke (D:14)
  A greater naga (Snake:2)
  2 fire giants
  Aizul (Snake:2)
  Louise (Depths:1)
  2 frost giants
  A deep elf sorcerer (Elf:1)
  Donald (Vaults:2)
  6 vault wardens
  An emperor scorpion (shapeshifter) (D:13)
  2 orc warlords
  8 very ugly things
  10 ironheart preservers
  A vampire knight (Depths:2)
  3 stone giants
  A spark wasp (shapeshifter) (Vaults:3)
  A deep elf demonologist (Elf:1)
  A deep elf annihilator (Vaults:3)
  A salamander stormcaller (Vaults:3)
  Azrael (Orc:2)
  Snorg (D:11)
  2 jiangshi (Depths:1)
  3 ettins
  A minotaur (Lab)
  9 vault guards
  A deep elf death mage (Elf:2)
  4 fire dragons
  4 great orbs of eyes
  3 naga warriors (Snake:1)
  20 hydras
  2 ghost crabs
  2 entropy weavers (Depths:1)
  7 yaktaur captains
  3 ice dragons
  4 rakshasas
  6 centaur warriors
  A catoblepas (Lair:8)
  2 anacondas (Snake:1)
  2 deep troll shamans
  2 death knights
  6 alligators
  7 ogre magi
  4 deep troll earth magi
  11 dancing weapons
  A death yak (Lair:6)
  A tengu warrior (D:12)
  11 spriggans
  2 orc high priests (Orc:2)
  4 naga sharpshooters
  2 vampire magi
  10 deep elf knights
  2 shock serpents
  A salamander mystic (Vaults:3)
  A fire crab (Vaults:2)
  Nergalle (Orc:1)
  A shadow wraith (Vaults:4)
  A fire crab (shapeshifter) (Vaults:4)
  11 deep trolls
  3 skeletal warriors
  3 giant orange brains
  2 naga ritualists
  A spriggan druid (Swamp:1)
  5 shambling mangroves
  4 necromancers
  4 hill giants
  An unseen horror (D:11)
  7 deep elf archers
  6 ironbrand convokers
  7 swamp dragons
  4 flayed ghosts
  A mana viper (Snake:1)
  A shadow dragon zombie (D:15)
  6 harpies
  A wizard (Vaults:2)
  A wolf spider zombie (D:10)
  29 deep elf magi
  2 phantasmal warriors
  27 ugly things
  3 wolf spiders
  A fire giant zombie (Vaults:2)
  5 orc sorcerers
  16 orc knights
  7 salamanders
  4 manticores
  7 griffons
  14 elephants
  8 cyclopes
  15 black mambas
  3 centaur zombies
  2 ice statues
  3 naga magi
  A guardian serpent (Snake:2)
  A guardian serpent (shapeshifter) (Vaults:3)
  29 spiny frogs
  10 vault sentinels
  15 freezing wraiths
  A gargoyle (D:13)
  A komodo dragon (shapeshifter) (Vaults:1)
  A human zombie (Vaults:2)
  2 kobold demonologists (Vaults:3)
  35 yaktaurs
  A salamander skeleton (Vaults:2)
  4 rime drakes
  2 efreet
  A yaktaur (shapeshifter) (D:13)
  A guardian mummy (D:15)
  17 komodo dragons
  A two-headed ogre (shapeshifter) (Vaults:3)
  A yaktaur skeleton (D:15)
  2 tengu conjurers
  20 two-headed ogres
  8 giant leeches
  The ghost of PossumBlood the Skirmisher, an amateur HuFi (D:3)
  14 trolls
  A harpy skeleton (D:15)
  5 polar bears
  18 slime creatures
  23 blink frogs
  4 bog bodies
  8 boulder beetles
  2 wolf spider simulacra
  An ice dragon zombie (D:15)
  An air elemental (Orc:2)
  2 tarantellas (Depths:1)
  Sigmund (D:5)
  5 vampires
  2 redbacks (Depths:1)
  3 water elementals
  2 tarantellas (shapeshifter)
  3 shadows
  32 yaks
  A wyvern (D:9)
  4 wraiths
  A hog (D:14)
  6 fire elementals
  8 basilisks
  A hungry ghost (D:11)
  A death yak simulacrum (IceCv)
  36 vampire mosquitoes
  5 mottled dragons
  7 hippogriffs
  16 insubstantial wisps
  19 nagas
  Duvessa (D:4)
  32 swamp worms
  6 wargs
  4 hell hounds (Orc:1)
  A soldier ant (D:10)
  16 porcupines
  16 water moccasins
  11 ice beasts
  A black bear (shapeshifter) (D:15)
  54 orc warriors
  2 sky beasts
  21 swamp drakes
  A black bear (D:12)
  A necrophage (D:11)
  40 ogres
  2 phantoms
  26 wasps
  An orc zombie (Vaults:2)
  12 wolves
  4 boggarts (Depths:1)
  13 crocodiles
  14 centaurs
  8 big kobolds
  34 giant frogs
  A gnoll sergeant (D:11)
  3 earth elementals
  A deep troll simulacrum (Vaults:3)
  2 wyvern zombies
  Dowan (D:4)
  5 scorpions
  A human simulacrum (Vaults:3)
  The ghost of dodik the Slasher, a weakling MiGl (D:4)
  An elephant simulacrum (IceCv)
  An orc simulacrum (Vaults:2)
  32 wights
  3 crimson imps
  2 giant frog zombies
  5 hounds
  2 draconian simulacra (IceCv)
  27 orc priests
  26 orc wizards
  9 centaur skeletons
  2 jellies
  3 giant frog skeletons
  Jessica (D:2)
  9 iguanas
  4 worker ants
  4 spriggan simulacra (IceCv)
  4 troll simulacra (IceCv)
  21 sheep
  A wolf simulacrum (IceCv)
  2 killer bee zombies
  3 centaur simulacra (IceCv)
  A worker ant zombie (D:11)
  7 gnolls
  2 ogre simulacra (IceCv)
  14 adders
  5 naga simulacra (IceCv)
  55 river rats
  4 shadow imps
  15 white imps
  3 ufetubi (D:8)
  An ooze (D:3)
  An adder zombie (D:9)
  16 worms
  6 giant geckos
  126 orcs
  4 ball pythons
  7 giant cockroaches
  6 goblins (D:1)
  10 hobgoblins
  7 jackals
  8 quokkas
  15 bats
  A giant gecko skeleton (D:8)
  3 giant newts
  28 kobolds
  9 rats
  5 fungi
  2 plants
1657 creatures vanquished.

Vanquished Creatures (others)
  A deep elf sorcerer (Vaults:4)
  2 yaktaur captains
  2 hydras
  A naga sharpshooter (Snake:1)
  A hill giant (D:10)
  2 swamp dragons (Swamp:3)
  A deep elf archer (Elf:1)
  A deep elf mage (Vaults:4)
  A centaur zombie (D:15)
  A spiny frog (Lair:8)
  2 yaktaurs
  A tengu conjurer (D:11)
  2 slime creatures
  A two-headed ogre (Vaults:4)
  An ice dragon skeleton (D:15)
  An air elemental (Elf:2)
  A human (D:15)
  A swamp worm (Swamp:4)
  An orc warrior (D:10)
  An ogre (Depths:1)
  A giant frog (Lair:8)
  A wight (D:13)
  An orc wizard (Orc:2)
  A river rat (Lair:4)
  2 orcs
  A quokka (D:3)
  22 fungi
  15 plants
  A withered plant (D:15)
70 creatures vanquished.

Grand Total: 1727 creatures vanquished

Notes
Turn   | Place    | Note
--------------------------------------------------------------
     0 | D:1      | MenacingMecha the Vine Stalker Monk began the quest for the Orb.
     0 | D:1      | Reached XP level 1. HP: 11/11 MP: 2/2
   333 | D:1      | Reached XP level 2. HP: 15/16 MP: 3/3
   810 | D:1      | Reached XP level 3. HP: 19/19 MP: 4/4
   914 | D:1      | Reached skill level 5 in Unarmed Combat
  1176 | D:2      | You fall through a shaft!
  1239 | D:3      | Noticed PossumBlood's ghost (amateur HuFi)
  1246 | D:3      | Found a white marble altar of Elyvilon.
  1471 | D:3      | Reached XP level 4. HP: 22/23 MP: 5/5
  1531 | D:3      | Found a glowing drain.
  1535 | Sewer    | Entered a sewer
  1548 | Sewer    | Reached skill level 6 in Unarmed Combat
  1685 | Sewer    | Reached XP level 5. HP: 27/27 MP: 6/6
  1725 | Sewer    | Gained mutation: You are agile. (Dex +2) [potion of mutation]
  1725 | Sewer    | Gained mutation: Your magical capacity is low (-10% MP). [potion of mutation]
  1725 | Sewer    | Gained mutation: You are robust (+10% HP). [potion of mutation]
  2740 | D:4      | Noticed dodik's ghost (weakling MiGl)
  2877 | D:2      | Noticed Jessica
  2878 | D:2      | Found an opulent altar of Gozag.
  2881 | D:2      | Killed Jessica
  3340 | D:4      | Reached skill level 7 in Unarmed Combat
  3340 | D:4      | Gained mutation: You heal very quickly. [Vine Stalker growth]
  3340 | D:4      | Reached XP level 6. HP: 35/35 MP: 6/6
  3434 | D:4      | Killed dodik's ghost
  3602 | D:4      | Noticed Duvessa
  3622 | D:5      | Entered Level 5 of the Dungeon
  3627 | D:5      | Noticed a sky beast
  3630 | D:5      | Noticed Sigmund
  3701 | D:6      | Noticed an orc warrior
  3710 | D:6      | Reached skill level 8 in Unarmed Combat
  3761 | D:6      | Reached XP level 7. HP: 26/39 MP: 5/7
  4275 | D:5      | Reached skill level 5 in Fighting
  4325 | D:5      | Gained mutation: You have razor-sharp teeth. [Vine Stalker growth]
  4325 | D:5      | Reached XP level 8. HP: 43/47 MP: 8/8
  4395 | D:5      | Found a stormy altar of Qazlal.
  4573 | D:6      | Got a faintly humming leather armour
  4574 | D:6      | Identified the +2 leather armour "Puneof" {rElec Int+2} (You found it on level 6 of the Dungeon)
  4698 | D:6      | Found a staircase to the Ecumenical Temple.
  4714 | Temple   | Entered the Ecumenical Temple
  4723 | Temple   | Became a worshipper of Ru the Awakened
  4727 | Temple   | Gained mutation: You have somewhat slow reflexes. (EV -3) [Ru sacrifice]
  4727 | Temple   | Reached * piety under Ru
  5068 | D:7      | Found a snail-covered altar of Cheibriados.
  5097 | D:7      | Reached skill level 5 in Stealth
  5180 | D:7      | Reached skill level 5 in Dodging
  5321 | D:7      | Reached XP level 9. HP: 51/51 MP: 9/9
  6559 | D:8      | Reached skill level 9 in Unarmed Combat
  6573 | D:8      | Reached XP level 10. HP: 28/60 MP: 10/10
  6587 | D:8      | Reached skill level 10 in Unarmed Combat
  7361 | D:9      | Found a burning altar of Makhleb.
  7361 | D:9      | Found a staircase to the Lair.
  7361 | D:9      | Found Ynoeten's Book Emporium.
  7570 | D:9      | Learned a level 1 spell: Apportation
  7572 | D:9      | Learned a level 1 spell: Summon Butterflies
  7674 | D:9      | Reached skill level 11 in Unarmed Combat
  8414 | D:10     | Entered Level 10 of the Dungeon
  8431 | D:10     | Noticed a deep elf mage
  8498 | D:10     | Found an oddly glowing altar of Pakellas.
  8746 | D:5      | Killed Sigmund
  8817 | D:5      | Gained mutation: You are dopey. (Int -2) [Ru sacrifice]
  8929 | D:5      | Found a sacrificial altar of Ru.
  9003 | D:4      | Killed Duvessa
  9010 | D:4      | Noticed Dowan
  9015 | D:4      | Killed Dowan
  9780 | D:3      | Killed PossumBlood's ghost
  9921 | Lair:1   | Entered Level 1 of the Lair of Beasts
  9921 | Lair:1   | Noticed a spiny frog
 10033 | D:9      | Reached skill level 12 in Unarmed Combat
 10097 | Lair:1   | Killed a spiny frog
 10099 | Lair:1   | Found a labyrinth entrance.
 10113 | Lab      | Entered a labyrinth
 10591 | Lab      | Noticed a minotaur
 10597 | Lab      | HP: 2/60 [minotaur/lajatang of venom (6)]
 10726 | Lab      | Killed a minotaur
 10726 | Lab      | Reached XP level 11. HP: 57/63 MP: 4/10
 10780 | Lab      | Got a brightly glowing tin ring
 10784 | Lab      | Identified the ring "Ackem" {rPois MR+ EV+3 Dex+2} (You took it off a minotaur in a labyrinth)
 10797 | Lab      | Got a shimmering scale mail
 10808 | Lab      | Identified the cursed +0 scale mail of Utsol {*Drain +Inv Int+5 Slay+5} (You found it in a labyrinth)
 10894 | Lair:1   | Got a faintly humming leather armour
 11067 | Lair:1   | Noticed a seven-headed hydra
 11571 | Lair:2   | Gained mutation: You cannot drink potions while threatened. [Ru sacrifice]
 11571 | Lair:2   | Reached ** piety under Ru
 11923 | Lair:2   | Noticed an oklob plant
 11923 | Lair:2   | Noticed an oklob plant
 11924 | Lair:2   | Noticed an oklob plant
 11924 | Lair:2   | Noticed an oklob plant
 12465 | Lair:2   | Gained mutation: You regenerate. [Vine Stalker growth]
 12465 | Lair:2   | Reached XP level 12. HP: 56/73 MP: 8/11
 12516 | Lair:2   | Reached skill level 10 in Fighting
 12617 | Lair:2   | Identified the +1 leather armour of Ipoekk {rN+ MP+9 Dex+8} (You found it on level 1 of the Lair of Beasts)
 12815 | Lair:3   | Noticed a four-headed hydra
 12823 | Lair:3   | Killed a four-headed hydra
 13027 | Lair:3   | Learned a level 3 spell: Regeneration
 13096 | Lair:3   | Identified a +0 rod of ignition (13/13) (You found it on level 3 of the Lair of Beasts)
 13680 | Lair:4   | Reached skill level 5 in Evocations
 13864 | Lair:4   | Lost mutation: You are agile. (Dex +2) [Ru sacrifice]
 13864 | Lair:4   | Gained mutation: You are clumsy. (Dex -2) [Ru sacrifice]
 13864 | Lair:4   | Reached *** piety under Ru
 15259 | Lair:6   | Reached skill level 10 in Dodging
 15303 | Lair:6   | Found a staircase to the Snake Pit.
 15441 | Lair:6   | Reached XP level 13. HP: 79/79 MP: 17/17
 15635 | Lair:6   | Gained mutation: You cannot read scrolls while threatened. [Ru sacrifice]
 15635 | Lair:6   | Reached **** piety under Ru
 15635 | Lair:6   | Reached ***** piety under Ru
 15719 | Lair:6   | Found a viscous altar of Jiyva.
 15720 | Lair:6   | Found a staircase to the Slime Pits.
 15853 | Lair:6   | Found a staircase to the Swamp.
 16559 | Lair:8   | Entered Level 8 of the Lair of Beasts
 17030 | Lair:7   | Reached skill level 10 in Stealth
 17414 | Lair:7   | Gained mutation: You cannot train Armour skill. [Ru sacrifice]
 17982 | Lair:8   | Reached skill level 13 in Unarmed Combat
 17989 | Lair:8   | Reached XP level 14. HP: 78/88 MP: 18/18
 18524 | Lair:8   | Reached skill level 14 in Unarmed Combat
 18730 | Lair:8   | Got a faintly humming robe
 18958 | Lair:2   | Identified the +2 robe of Jigiuhof {rC+ Dex+6 Slay+2} (You found it on level 8 of the Lair of Beasts)
 18960 | Lair:2   | Gained mutation: Your casting is slightly disrupted. [Ru sacrifice]
 18960 | Lair:2   | Reached ****** piety under Ru
 19293 | D:10     | Found a staircase to the Orcish Mines.
 19362 | D:10     | Found Jasashri's Weapon Boutique.
 19778 | Orc:1    | Entered Level 1 of the Orcish Mines
 19778 | Orc:1    | Found a bloodstained altar of Trog.
 19895 | Orc:1    | Noticed an orc warlord
 20084 | D:10     | Killed an orc warlord
 20439 | Orc:1    | Noticed Nergalle
 20536 | Orc:1    | Killed Nergalle
 20618 | Orc:2    | Entered Level 2 of the Orcish Mines
 21240 | Orc:2    | Noticed Azrael
 21309 | Orc:1    | Reached skill level 10 in Evocations
 21368 | Orc:2    | Killed Azrael
 21674 | Orc:2    | Found a roughly hewn altar of Beogh.
 21676 | Orc:2    | Found Budust's Book Emporium.
 21803 | Orc:2    | Found a roughly hewn altar of Beogh.
 21881 | Orc:2    | Found a roughly hewn altar of Beogh.
 21927 | Orc:2    | Found Vienteor's Armour Shoppe.
 22036 | Orc:2    | Found a staircase to the Elven Halls.
 22054 | Orc:2    | Found a roughly hewn altar of Beogh.
 22312 | Orc:2    | Noticed an orc warlord
 22473 | Orc:2    | Reached XP level 15. HP: 92/92 MP: 21/21
 22880 | Orc:1    | Killed an orc warlord
 22880 | Orc:1    | Reached skill level 15 in Unarmed Combat
 22981 | Orc:2    | Found Fatai's Antique Armour Shop.
 22982 | Orc:2    | Found a roughly hewn altar of Beogh.
 22983 | Orc:2    | Found Meth's Antique Weapon Boutique.
 23011 | Orc:2    | Bought a glowing cloak for 126 gold pieces
 23011 | Orc:2    | Bought a pair of runed boots for 126 gold pieces
 23067 | Elf:1    | Entered Level 1 of the Elven Halls
 23067 | Elf:1    | Found Ruadwomp's Jewellery Shoppe.
 23402 | Elf:1    | Found an ancient bone altar of Kikubaaqudgha.
 23611 | Elf:1    | Noticed a deep elf sorcerer
 23620 | Elf:1    | Killed a deep elf sorcerer
 23620 | Elf:1    | Reached skill level 16 in Unarmed Combat
 23733 | Elf:1    | Identified the Volume of Conjuration (You found it on level 1 of the Elven Halls)
 24497 | Elf:2    | Found a runed gate.
 24498 | Elf:2    | Found a runed gate.
 24499 | Elf:2    | Found a runed gate.
 24630 | Elf:2    | Reached skill level 17 in Unarmed Combat
 24897 | Elf:2    | Reached skill level 1 in Shields
 25561 | D:11     | Noticed Maud
 25589 | D:11     | Killed Maud
 25589 | D:11     | Reached XP level 16. HP: 96/96 MP: 22/22
 25639 | D:11     | Found a frozen archway.
 25690 | IceCv    | Entered an ice cave
 26407 | IceCv    | Found an ancient bone altar of Kikubaaqudgha.
 27271 | D:11     | Learned a level 2 spell: Repel Missiles
 27274 | D:11     | Learned a level 2 spell: Swiftness
 27534 | D:11     | Noticed Snorg
 27552 | D:11     | Killed Snorg
 27644 | D:11     | Found a shimmering altar of Xom.
 27758 | D:11     | Reached skill level 1 in Charms
 27777 | D:11     | Reached skill level 1 in Air Magic
 28829 | D:13     | Reached skill level 1 in Translocations
 29069 | D:13     | Found a gate to the Vaults.
 29750 | D:14     | Found Liraecus's Jewellery Shop.
 29761 | D:14     | Reached skill level 5 in Translocations
 30185 | D:14     | Found Decutan's General Store.
 30239 | D:14     | Found Yhe Qitt's Armour Boutique.
 30243 | D:14     | Found Likaot's Antique Armour Shoppe.
 30269 | D:14     | Bought the +0 mask of the Dragon {MR+ Slay+3 SInv} for 434 gold pieces
 30868 | Swamp:1  | Entered Level 1 of the Swamp
 31289 | Swamp:1  | Reached XP level 17. HP: 92/102 MP: 23/23
 32283 | Swamp:2  | Reached skill level 5 in Charms
 32340 | Swamp:2  | Reached skill level 1 in Spellcasting
 33778 | D:14     | Bought the ring of Terra Nullius {rCorr rElec MR+} for 514 gold pieces
 34059 | Snake:1  | Entered Level 1 of the Snake Pit
 34107 | Snake:1  | Reached skill level 18 in Unarmed Combat
 34153 | Snake:1  | Found a deep blue altar of Sif Muna.
 34741 | Snake:2  | Noticed Asterion
 35198 | Snake:2  | Noticed Aizul
 35221 | Snake:2  | Killed Aizul
 35698 | Snake:2  | Reached skill level 5 in Air Magic
 36060 | D:15     | Entered Level 15 of the Dungeon
 36060 | D:15     | Noticed Kirke
 36081 | D:14     | Killed Kirke
 36425 | D:15     | Found a shadowy altar of Dithmenos.
 36600 | D:15     | Found a staircase to the Depths.
 36710 | D:15     | Reached XP level 18. HP: 98/107 MP: 23/23
 37561 | Swamp:4  | Entered Level 4 of the Swamp
 37612 | Swamp:3  | Reached skill level 10 in Charms
 38193 | Swamp:3  | Reached skill level 5 in Spellcasting
 38478 | Swamp:4  | Got a decaying rune of Zot
 39128 | Vaults:1 | Entered Level 1 of the Vaults
 40366 | Vaults:1 | Found Tola Kugg's Jewellery Emporium.
 40893 | Vaults:2 | Noticed Donald
 40900 | Vaults:2 | Killed Donald
 41453 | Vaults:2 | Reached XP level 19. HP: 72/113 MP: 25/25
 41564 | Vaults:2 | Noticed Boris
 41581 | Vaults:2 | Killed Boris
 42889 | Vaults:3 | Found a staircase to the Crypt.
 43173 | Vaults:3 | Reached skill level 19 in Unarmed Combat
 44327 | Vaults:4 | Reached skill level 20 in Unarmed Combat
 44387 | Vaults:4 | Reached XP level 20. HP: 117/119 MP: 26/26
 45484 | Vaults:4 | Reached skill level 1 in Necromancy
 46240 | Depths:1 | Entered Level 1 of the Depths
 46402 | Depths:1 | Found a one-way gate to the infinite horrors of the Abyss.
 46409 | Depths:1 | Noticed Louise
 46423 | Depths:1 | Killed Louise
 46423 | Depths:1 | Reached skill level 5 in Necromancy
 46553 | Depths:1 | Found Uzienack's One-of-a-Kind Books.
 46588 | Depths:1 | Found a gateway to Hell.
 47134 | Depths:1 | Gained mutation: You are covered in fur (AC +1). [potion of beneficial mutation]
 47344 | Depths:2 | Found a gateway to a ziggurat.
 47608 | Depths:2 | Found a glowing golden altar of the Shining One.
 47643 | Depths:2 | Reached XP level 21. HP: 126/126 MP: 27/27
 47843 | Depths:2 | HP: 1/126 [ettin/dire flail (27)]
 47847 | Depths:1 | Killed from afar by a fire dragon

Skill      XL: |  1  2  3  4  5  6  7  8  9 10 11 12 13 14 15 16 17 18 19 20 |
---------------+-------------------------------------------------------------+-----
Unarmed Combat | 5 6 7 8 9 12 13 14 17 18 20 | 20.4
Fighting       | 3 5 7 9 10 12 13 14 | 14.0
Dodging        | 3 5 6 7 9 10 11 12 13 | 13.0
Stealth        | 6 10 | 10.0
Evocations     | 7 10 11 | 11.0
Shields        | 4 |  4.3
Charms         | 4 9 10 11 | 11.6
Air Magic      | 3 6 7 |  7.0
Translocations | 8 9 |  9.0
Spellcasting   | 1 5 |  5.1
Necromancy     | 5 |  5.6

Action                   |  1- 3 |  4- 6 |  7- 9 | 10-12 | 13-15 | 16-18 | 19-21 || total
-------------------------+-------+-------+-------+-------+-------+-------+-------++-------
Melee: Unarmed           |    77 |   191 |   303 |   624 |  1374 |  1722 |   977 ||  5268
       Bite              |    18 |    58 |   130 |   244 |   570 |   777 |   478 ||  2275
       Punch             |     2 |     5 |    19 |    49 |    99 |       |       ||   174
Throw: Javelin           |       |     2 |     9 |    26 |    16 |       |       ||    53
       Throwing net      |       |       |       |       |     1 |       |       ||     1
 Cast: Apportation       |       |       |       |       |       |    12 |       ||    12
       Repel Missiles    |       |       |       |       |       |     7 |     2 ||     9
       Swiftness         |       |       |       |       |       |     1 |       ||     1
Invok: Sacrifice Health  |       |       |     1 |       |       |       |       ||     1
       Sacrifice Purity  |       |       |       |     2 |       |       |       ||     2
       Sacrifice Drink   |       |       |       |     1 |       |       |       ||     1
       Power Leap        |       |       |       |       |     3 |     2 |       ||     5
       Draw Out Power    |       |       |       |       |     1 |       |     2 ||     3
       Sacrifice Words   |       |       |       |       |     1 |       |       ||     1
       Sacrifice Durabil |       |       |       |       |     1 |       |       ||     1
       Sacrifice Essence |       |       |       |       |     1 |       |       ||     1
 Abil: Stop Flying       |       |       |       |       |     3 |     1 |     1 ||     5
       Evoke Flight      |       |       |       |       |     2 |     5 |       ||     7
Evoke: Wand              |       |       |     2 |     2 |     6 |     7 |     4 ||    21
       Rod               |       |       |       |     2 |     7 |     9 |    17 ||    35
  Use: Scroll            |     5 |     3 |     2 |    15 |     7 |     7 |     2 ||    41
       Potion            |       |     2 |       |    10 |     1 |       |     2 ||    15
 Stab: Sleeping          |     3 |     7 |     4 |    30 |    14 |    31 |    11 ||   100
       Distracted        |       |     1 |     1 |     3 |    18 |    29 |     5 ||    57
       Invisible         |       |       |       |     7 |    25 |    31 |    21 ||    84
       Paralysed         |       |       |       |       |    18 |     4 |     3 ||    25
       Held in net/web   |       |       |       |       |     2 |       |       ||     2
       Confused          |       |       |       |       |       |     1 |       ||     1
  Eat: Chunk             |     2 |     7 |     9 |    21 |    34 |    44 |    21 ||   138
       Beef jerky        |       |       |       |     1 |       |     2 |     1 ||     4
       Royal jelly       |       |       |       |     1 |       |       |       ||     1
       Meat ration       |       |       |       |     1 |       |     1 |     1 ||     3
       Bread ration      |       |       |       |       |     1 |     1 |       ||     2
       Fruit             |       |       |       |       |       |     1 |       ||     1
       Pizza             |       |       |       |       |       |       |     1 ||     1
Armor: Robe              |    12 |    12 |       |       |       |       |       ||    24
       Ring mail         |     6 |    36 |    14 |    16 |       |       |       ||    72
       Leather armour    |       |       |    34 |    15 |       |       |       ||    49
       Scale mail        |       |       |       |    75 |   219 |   387 |   109 ||   790
Dodge: Dodged            |    64 |   127 |   133 |   269 |   642 |   704 |   372 ||  2311
       Deflected         |       |       |       |       |       |    22 |    14 ||    36
Block: Other             |       |       |    29 |    83 |   127 |       |       ||   239
       Reflection        |       |       |     2 |     2 |    11 |    30 |    19 ||    64
       Buckler           |       |       |       |       |    29 |   727 |   383 ||  1139
